 Seeded DCSS version 0.31-a0-986-g5e6e4ef867 (webtiles) character file.

Game seed: 36031792368083768 (custom seed)

240 Danienth the Grave Robber (level 5, -8/30 HPs)
             Began as a Deep Elf Necromancer on Nov 12, 2023.
             Killed by nerve-wracking pain
             ... invoked by an orc priest
              (13 damage)
             ... on level 3 of the Dungeon.
             The game lasted 00:10:27 (1839 turns).

Danienth the Grave Robber (Deep Elf Necromancer)    Turns: 1839, Time: 00:10:29

Health: -8/30      AC:  2    Str:  5    XL:     5   Next: 80%
Magic:  5/14       EV: 13    Int: 22    God:
Gold:   123        SH:  0    Dex: 15    Spells: 4/14 levels left

rFire   . . .        r - +2 hand axe (elec)
rCold   . . .        (no shield)
rNeg    . . .        a - +0 robe
rPois   .            (no helmet)
rElec   .            (no cloak)
rCorr   .            (no gloves)
SInv    .            (no boots)
Will    .....        (no amulet)
Stlth   +++          (no ring)
HPRegen 0.25/turn    (no ring)
MPRegen 0.14/turn

%: no passive effects
@: no status effects
A: no striking features
a: no special abilities


You were on level 3 of the Dungeon.
You visited 1 branch of the dungeon, and saw 3 of its levels.

You collected 123 gold pieces.

Inventory:

Hand Weapons
 r - a +2 hand axe of electrocution (weapon)
Armour
 a - a +0 robe (worn)
Magical Staves
 o - a staff of poison
 p - a staff of earth
Jewellery
 e - a ring of ice
Wands
 t - a wand of flame (30)
Scrolls
 f - 2 scrolls of vulnerability {unknown}
 g - 2 scrolls of immolation {unknown}
 i - a scroll of blinking {unknown}
 j - a scroll of noise {unknown}
 k - a scroll of identify {unknown}
 n - a scroll of fear {unknown}
Potions
 b - a potion of magic
 c - a potion of curing {unknown}
 d - a potion of resistance {unknown}
 h - a potion of berserk rage {unknown}
 l - a potion of lignification {unknown}
 m - 2 potions of brilliance {unknown}
 q - a potion of might {unknown}
 s - a potion of mutation {unknown}


   Skills:
 + Level 1.8 Fighting
 * Level 0.6 Axes
 + Level 3.9 Dodging
 + Level 3.8 Stealth
 - Level 5.0 Spellcasting
 - Level 5.5 Necromancy


You had 4 spell levels left.
You knew the following spells:

 Your Spells              Type           Power      Damage    Failure   Level
a - Necrotise             Necr           100%       1d9       1%          1
b - Vampiric Draining     Necr           29%        2d8       3%          3
c - Animate Dead          Necr           29%        N/A       11%         4
d - Cigotuvi's Dreadful   Necr/Pois/Air  26%        N/A       7%          2

Your spell library contained the following spells:

 Spells                   Type           Power      Damage    Failure   Level
 Ignite Poison            Fire/Tmut/Pois 5%         N/A       30%         3
 Agony                    Necr           29%        N/A       28%         5
 Freezing Cloud           Conj/Ice/Air   2%         6-21      95%         5
 Haunt                    Necr/Summ      8%         N/A       100%        7
 Infestation              Necr           14%        N/A       100%        8


Dungeon Overview and Level Annotations

Branches:
Dungeon (3/15)

Altars:


Message History

Aiming: Necrotise (safe; 1% risk of failure)
Press: ? - help, Shift-Dir - straight line, f/p - orc
Aim: an orc, wielding a +0 short sword and wearing a +0 ring mail (heavily wounded, ally target, chance to affect: 93%)
The orc writhes in agony.
You kill the orc!
The dead are walking!
The orc priest hits you with a +0 club.
* * * LOW HITPOINT WARNING * * *
You swap places.
The orc priest barely misses your ball python skeleton.
Your ball python skeleton bites the orc priest but does no damage.
Your ball python skeleton misses the orc priest.
Things that are here:
a +0 short sword; a +0 ring mail
Okay, then.
The orc priest hits your ball python skeleton with a +0 club.
Your ball python skeleton closely misses the orc priest.
Your ball python skeleton grabs the orc priest.
Your ball python skeleton constricts the orc priest.
You see here a +0 club.
Found a stone staircase leading down.
Your ball python skeleton loses its grip on something.
Your ball python skeleton crumbles into dust!
Your orc skeleton hits the orc priest but does no damage.
Casting: Necrotise (safe; 1% risk of failure)
Confirm with . or Enter, or press ? or * to list all spells.
Aiming: Necrotise (safe; 1% risk of failure)
Press: ? - help, Shift-Dir - straight line, f - orc priest
Aim: an orc priest, wielding a +0 club and wearing a +0 leather armour (lightly wounded, ally target, chance to affect: 83%)
The orc priest writhes in agony!
The orc priest looks satisfied for a moment.
Your orc skeleton hits the orc priest but does no damage.
Casting: Necrotise (safe; 1% risk of failure)
Confirm with . or Enter, or press ? or * to list all spells.
Aiming: Necrotise (safe; 1% risk of failure)
Press: ? - help, Shift-Dir - straight line, f/p - orc priest
Aim: an orc priest, wielding a +0 club and wearing a +0 leather armour (heavily wounded, ally target, chance to affect: 83%)
The orc priest writhes in agony.
The orc priest invokes the aid of Beogh against you.
Pain shoots through your body!
You die...

.# .. ># #..
.# # #... .#
.# #.... .#..#
...####....#
#.#..@....#
#...)#.#..# ##
#...)#.#..#
...#...o#.#..#
##....ZZ)....#
...[.........#
##...#.....#.#
...^###....#.#
##.# ##.....#


You could see an orc priest (ally target), a friendly orc skeleton and a
friendly orc priest skeleton.

Vanquished Creatures
  An orc priest (D:3)
  Jessica (D:2)
  Natasha (thrice) (D:2)
  A gnoll (D:1)
  3 adders (D:2)
  2 worms (D:2)
  2 dart slugs (D:1)
  4 orcs (D:3)
  7 ball pythons
  3 endoplasms (D:1)
  3 giant cockroaches
  4 hobgoblins
  4 quokkas
  3 bats
  4 frilled lizards
  6 goblins
  3 kobolds
  5 rats
59 creatures vanquished.

Vanquished Creatures (collateral kills)
  2 orcs (D:3)
  2 kobolds
  A bat (D:2)
  A frilled lizard (D:1)
  A rat (D:1)
7 creatures vanquished.

Grand Total: 66 creatures vanquished

Notes
Turn   | Place    | Note
-------+----------+-------------------------------------------
     0 | D:1      | Danienth the Deep Elf Necromancer began the quest for the
                  | Orb.
     0 | D:1      | Reached XP level 1. HP: 10/10 MP: 6/6
   205 | D:1      | Reached skill level 5 in Necromancy
   207 | D:1      | Reached XP level 2. HP: 15/15 MP: 2/8
   597 | D:1      | Reached XP level 3. HP: 20/20 MP: 3/10
   972 | D:2      | Reached skill level 1 in Fighting
   976 | D:2      | Noticed Natasha
   982 | D:2      | Killed Natasha
   983 | D:2      | Reached XP level 4. HP: 12/25 MP: 2/12
  1039 | D:2      | Noticed Natasha
  1049 | D:2      | Killed Natasha
  1178 | D:2      | Noticed Natasha
  1184 | D:2      | Killed Natasha
  1185 | D:2      | Reached XP level 5. HP: 23/29 MP: 9/13
  1482 | D:2      | Noticed Jessica
  1487 | D:2      | Killed Jessica
  1598 | D:2      | Learned a level 3 spell: Vampiric Draining
  1603 | D:2      | Learned a level 4 spell: Animate Dead
  1606 | D:2      | Learned a level 2 spell: Cigotuvi's Dreadful Rot
  1631 | D:3      | Reached skill level 5 in Spellcasting
  1839 | D:3      | Killed from afar by an orc priest

Illustrated notes

Levels and vault maps discovered:
D:1:      matt_arrival_grand_opening, layout_rooms, minmay_pentomino_w4
D:2:      minmay_evil_eye, layout_rooms, minmay_liquid_box, uniq_jessica,
          uniq_natasha
D:3:      layout_loops_ring, nicolae_gozag_seed_capital,
          hellmonk_ecumenical_altar_slurped_away

Skill      XL: |  1  2  3  4  5 |
---------------+----------------+-----
Necromancy     | 5 |  5.5
Dodging        | 3 |  3.9
Fighting       | 1 |  1.8
Stealth        | 3 |  3.8
Spellcasting   | 4 5 |  5.0
Axes           | |  0.6

Action                     |  1- 3 |  4- 6 || total
---------------------------+-------+-------++-------
   Cast: Necrotise         |    60 |    55 ||   115
 Armour: Robe              |     9 |     9 ||    18
  Dodge: Dodged            |     9 |    18 ||    27

Table legend: (Time is in decaauts)
 A = Elapsed time spent in this place.
 B = Non-inter-level travel time spent in this place.
 C = Inter-level travel time spent in this place.
 D = Time resting spent in this place.
 E = Time spent auto-exploring this place.
 F = Levels seen in this place.
 G = Mean time per level.
                   A        B        C        D        E       F      G
               +--------+--------+--------+--------+--------+-----+--------+
         Total |   1839 |   1810 |     29 |      0 |   1465 |   3 |  613.0 |
       Dungeon |   1839 |   1810 |     29 |      0 |   1465 |   3 |  613.0 |
               +--------+--------+--------+--------+--------+-----+--------+

Top non-repeatable levels by time:
     D:2: 826 daAuts
     D:1: 798 daAuts
     D:3: 215 daAuts
